General information
- name: BNet
- type: Ladder team game (AT/RT)
- host: Battle.net
- saver: noooooobs
map: GnollWood
- players: 4
- length: 14:59
- speed: Fast
- version: 1.24 W3XP
- replay type: Public
» download(94 KB)
Players
team 1 (loser)
solomon995 (
green | 179 APM | 2615 actions | 14:37)
3 Blademaster
2 Wind Walk
1 Critical Strike
2 Shadow Hunter
1 Hex
1 Healing Wave
» actions
| Assign group hotkey | 55 | |
| Build / train | 62 | |
| Enter build submenu | 11 | |
| Enter hero's abilities submenu | 5 | |
| Give item / drop item | 1 | |
| Remove unit from queue | 1 | |
| Right click | 1038 | |
| Select / deselect | 270 | |
| Select group hotkey | 1069 | |
| Use ability | 103 | |
2615 total
» units
| Peon | 14 | |
| Grunt | 13 | |
| Raider | 4 | |
| Spirit Walker | 4 | |
| Kodo Beast | 1 | |
36 total
» upgrades
| Pillage | 1 | |
| Ensnare | 1 | |
| Spirit Walker Training | 1 | |
| Berserker Strength | 1 | |
4 total
» buildings
| Altar of Storms | 1 | |
| Orc Burrow | 5 | |
| Barracks | 1 | |
| Voodoo Lounge | 1 | |
| Stronghold | 1 | |
| Beastiary | 1 | |
| Spirit Lodge | 1 | |
| War Mill | 1 | |
| Fortress | 1 | |
13 total
» build order
00:02 Altar of Storms
00:14 Orc Burrow
00:36 Barracks
01:29 Orc Burrow
01:58 Voodoo Lounge
03:07 Stronghold
03:39 Orc Burrow
05:56 Beastiary
05:58 Spirit Lodge
06:28 Orc Burrow
09:32 War Mill
13:00 Fortress
13:22 Orc Burrow
» items
| Dust of Appearance | 1 | |
| Boots of Speed | 1 | |
| Lesser Clarity Potion | 2 | |
| Healing Salve | 4 | |
8 total

»
lausport (
red | 91 APM | 1355 actions | 14:58)
3 Death Knight
2 Death Coil
1 Unholy Aura
2 Lich
1 Frost Nova
1 Frost Armor
1 Crypt Lord
1 Impale
» actions
| Assign group hotkey | 31 | |
| Basic commands | 52 | |
| Build / train | 40 | |
| Enter build submenu | 12 | |
| Enter hero's abilities submenu | 6 | |
| Give item / drop item | 1 | |
| Right click | 639 | |
| Select / deselect | 161 | |
| Select group hotkey | 344 | |
| Use ability | 69 | |
1355 total
» units
| Acolyte | 2 | |
| Ghoul | 3 | |
| Crypt Fiend | 8 | |
| Obsidian Statue | 3 | |
16 total
» upgrades
| Burrow | 1 | |
| Creature Attack | 1 | |
| Destroyer Form | 1 | |
3 total
» buildings
| Graveyard | 1 | |
| Crypt | 1 | |
| Altar of Darkness | 1 | |
| Ziggurat | 5 | |
| Tomb of Relics | 1 | |
| Nerubian Tower | 1 | |
| Halls of the Dead | 1 | |
| Slaughterhouse | 2 | |
| Black Citadel | 1 | |
14 total
» build order
00:07 Graveyard
00:12 Crypt
00:40 Altar of Darkness
00:56 Ziggurat
01:24 Tomb of Relics
02:03 Ziggurat
02:59 Nerubian Tower
04:13 Halls of the Dead
04:43 Ziggurat
05:21 Ziggurat
07:03 Slaughterhouse
08:51 Black Citadel
10:15 Ziggurat
11:46 Slaughterhouse
» items
| Rod of Necromancy | 2 | |
| Dust of Appearance | 1 | |
| Lesser Clarity Potion | 1 | |
| Healing Salve | 1 | |
| Potion of Healing | 2 | |
| Orb of Corruption | 1 | |
| Potion of Mana | 1 | |
9 total
team 2 (winner)

»
erl.GreatDemon (
purple | 65 APM | 974 actions | 14:58)
4 Archmage
2 Summon Water Elemental
2 Brilliance Aura
3 Mountain King
2 Storm Bolt
1 Bash
» actions
| Assign group hotkey | 34 | |
| Basic commands | 28 | |
| Build / train | 47 | |
| ESC pressed | 2 | |
| Enter build submenu | 18 | |
| Enter hero's abilities submenu | 7 | |
| Give item / drop item | 3 | |
| Right click | 363 | |
| Select / deselect | 191 | |
| Select group hotkey | 214 | |
| Use ability | 67 | |
974 total
» units
| Peasant | 8 | |
| Footman | 4 | |
| Forest Troll Shadow Priest | 3 | |
| Forest Troll Berserker | 2 | |
| Sorceress | 4 | |
| Spell Breaker | 3 | |
| Priest | 2 | |
| Ogre Mauler | 1 | |
27 total
» upgrades
» buildings
| Altar of Kings | 1 | |
| Farm | 9 | |
| Barracks | 1 | |
| Scout Tower | 1 | |
| Arcane Tower | 1 | |
| Keep | 1 | |
| Arcane Vault | 1 | |
| Arcane Sanctum | 2 | |
| Blacksmith | 1 | |
18 total
» build order
00:07 Altar of Kings
00:20 Farm
00:24 Barracks
00:55 Farm
01:32 Farm
02:55 Scout Tower
03:00 Farm
03:24 Arcane Tower
03:27 Farm
03:40 Farm
04:06 Keep
04:55 Farm
06:13 Arcane Vault
06:32 Arcane Sanctum
06:35 Arcane Sanctum
12:37 Farm
12:38 Farm
12:42 Blacksmith
» items
| Scroll of Town Portal | 2 | |
| Lesser Clarity Potion | 2 | |
| Scroll of Regeneration | 1 | |
| Potion of Healing | 2 | |
| Potion of Lesser Invulnerability | 1 | |
8 total

»
noooooobs (
teal | 114 APM | 1706 actions | 14:59)
3 Blademaster
1 Wind Walk
2 Critical Strike
3 Shadow Hunter
1 Hex
2 Healing Wave
» actions
| Assign group hotkey | 54 | |
| Basic commands | 7 | |
| Build / train | 53 | |
| ESC pressed | 3 | |
| Enter build submenu | 12 | |
| Enter hero's abilities submenu | 6 | |
| Right click | 581 | |
| Select / deselect | 604 | |
| Select group hotkey | 281 | |
| Use ability | 105 | |
1706 total
» units
| Peon | 7 | |
| Grunt | 9 | |
| Raider | 5 | |
| Spirit Walker | 2 | |
| Kodo Beast | 1 | |
24 total
» upgrades
| Berserker Strength | 1 | |
| Ensnare | 1 | |
| Spirit Walker Training | 1 | |
3 total
» buildings
| Altar of Storms | 1 | |
| Orc Burrow | 4 | |
| Voodoo Lounge | 1 | |
| Barracks | 1 | |
| Stronghold | 1 | |
| Beastiary | 2 | |
| Spirit Lodge | 1 | |
| War Mill | 1 | |
12 total
» build order
00:07 Altar of Storms
00:19 Orc Burrow
00:34 Voodoo Lounge
01:27 Barracks
01:45 Orc Burrow
03:49 Stronghold
04:29 Orc Burrow
06:12 Beastiary
06:29 Beastiary
07:19 Spirit Lodge
07:39 Orc Burrow
12:43 War Mill
» items
| Healing Salve | 3 | |
| Lesser Clarity Potion | 4 | |
| Circlet of Nobility | 1 | |
| Boots of Speed | 3 | |
| Potion of Healing | 1 | |
| Dust of Appearance | 1 | |
| Scroll of Healing | 2 | |
| Scroll of Protection | 1 | |
16 total
Chat log
(00:11 / Allies) noooooobs: hey
(02:49 / Allies) noooooobs: bm coming
(02:50 / Allies) noooooobs: i think
(03:56 / Allies) noooooobs: with my grunt
(06:19 / Allies) noooooobs: help mb
(08:46 / Allies) noooooobs: b
(09:02 / Allies) noooooobs: some gold?
(10:34 / Allies) erl.GreatDemon: go
(14:45 / All) lausport: gg
(14:54 / Allies) noooooobs: gj